 Dungeon Crawl Stone Soup version 0.20.1-1-g8b1a95d (webtiles) character file.

1653105 dstrtn the Slayer (level 27, 262/262 HPs)
             Began as a Human Artificer on Oct 27, 2017.
             Was the Champion of Ru.
             Escaped with the Orb
             ... and 3 runes on Oct 29, 2017!
             The game lasted 07:09:18 (78780 turns).

dstrtn the Slayer (Human Artificer)                Turns: 78780, Time: 07:09:19

Health: 262/262    AC: 51    Str: 30    XL:     27
Magic:  30/30      EV: 11    Int: 16    God:    Ru [******]
Gold:   29         SH: 17    Dex: 14    Spells: 16/26 levels left

rFire    + + .     SeeInvis +   a - +9 eveningstar (chaos)
rCold    + . .     Gourm    .   b - +1 shield {rF+}
rNeg     + . .     Faith    .   G - +11 crystal plate armour
rPois    +         Spirit   +   E - +2 hat of the Bear Spirit {Spirit, +Rage rN+ MR++}
rElec    +         Reflect  .   k - scarf {rC+ rF+}
rCorr    .         Harm     .   S - +2 pair of gloves "Werexisi" {+Fly Str+4}
MR       ++++.                  Y - +2 pair of boots {Fly}
Stlth    ..........             s - amulet of Vitality {Regen+ HP+15}
Regen    1.0/turn               i - ring of Interdependent Arising {Str+3 Slay+2 SInv}
MPRegen  0.3/turn               e - ring "Vuot" {rElec rPois AC-2}

@: no status effects
A: icy blue scales 1, clever 2, clumsy 1, deterioration 1, inability to drink
while threatened, no stealth, hated by all, no conjurations magic, no hexes
magic, no poison magic, reduced EV 1, disrupted magic 1, MP-powered wands
0: Orb of Zot
}: 3/15 runes: decaying, silver, gossamer
a: Draw Out Power, Power Leap, Apocalypse, Renounce Religion, Evoke Berserk
Rage, Evoke Flight


You escaped.
You worshipped Ru.
Ru was exalted by your worship.
You were very full.

You visited 10 branches of the dungeon, and saw 50 of its levels.
You also visited: Bailey and Wizlab.

You collected 5827 gold pieces.
You spent 5798 gold pieces at shops.

Inventory:

Hand Weapons
 a - a +9 eveningstar of chaos (weapon)
 q - the +6 morningstar of the Median {holy, rF+}
   (You found it on level 1 of the Depths)

   It has been blessed by the Shining One to cause great damage to the undead
   and demons.
   It protects you from fire.
Missiles
 n - 2 stones (quivered)
 r - 3 throwing nets {!f}
Armour
 b - a +1 shield of fire resistance (worn)
 d - a +1 shield of positive energy
 k - a scarf of resistance (worn)
 E - the +2 hat of the Bear Spirit (worn) {Spirit, +Rage rN+ MR++}
   (You bought it in a shop on level 1 of the Depths)

   It protects you from negative energy.
   It affects your resistance to hostile enchantments.
   It lets you go berserk.
 G - a +11 crystal plate armour (worn)
 S - the +2 pair of gloves "Werexisi" (worn) {+Fly Str+4}
   (You took it off Nikola on level 3 of the Swamp)

   It affects your strength (+4).
   It lets you fly.
 Y - a +2 pair of boots of flying (worn)
Jewellery
 c - a +6 ring of slaying
 e - the ring "Vuot" (right hand) {rElec rPois AC-2}
   (You bought it in a shop on level 3 of the Depths)

   [ring of protection]

   It affects your AC (-2).
   It insulates you from electricity.
   It protects you from poison.
 f - an uncursed ring of protection from fire
 i - the ring of Interdependent Arising (left hand) {Str+3 Slay+2 SInv}
   (You took it off a deep elf annihilator on level 3 of the Elven Halls)

   [ring of see invisible]

   It affects your strength (+3).
   It affects your accuracy and damage with ranged weapons and melee attacks
   (+2).
   It lets you see invisible.
 j - the ring of Generosity {Fire Str+2 Int+2 Dex+5}
   (You took it off a fire giant on level 3 of the Depths)

   [ring of fire]

   It enhances your fire magic.
   It affects your strength (+2).
   It affects your intelligence (+2).
   It affects your dexterity (+5).
   It protects you from fire.
   It makes you vulnerable to cold.
 m - an uncursed ring of protection from magic
 s - the amulet of Vitality (around neck) {Regen+ HP+15}
   (You found it on level 4 of the Spider Nest)

   [amulet of regeneration]

   It affects your health (+15).
   It increases your rate of regeneration.
 D - an uncursed ring of protection from cold
 Q - a +5 ring of evasion
Wands
 w - a wand of clouds (4/9)
 z - a wand of digging (6/24)
 A - a wand of iceblast (10/15)
 C - a wand of digging (15/24)
 R - a wand of acid (15/15)
Scrolls
 h - a scroll of silence
 y - a scroll of holy word
 F - 22 scrolls of remove curse
 J - 5 scrolls of immolation
 L - 12 scrolls of teleportation
 N - 6 scrolls of identify
 O - 3 scrolls of recharging
 P - 8 scrolls of fear
 X - 8 scrolls of blinking
Potions
 g - 4 potions of agility
 l - 14 potions of curing
 p - 9 potions of brilliance
 t - 7 potions of heal wounds
 u - 4 potions of ambrosia
 v - 3 potions of resistance
 x - 8 potions of magic
 B - 4 potions of haste
 M - 7 potions of mutation
 U - 2 potions of might
 V - 2 potions of cancellation
Miscellaneous
 H - a lightning rod (4/4)
 T - a lamp of fire
Comestibles
 o - 24 meat rations


   Skills:
 * Level 26.8 Fighting
   Level 1.0 Short Blades
 + Level 19.1(20.2) Maces & Flails
   Level 12.8(17.3) Staves
 * Level 24.8 Armour
 - Level 16.0 Dodging
 + Level 18.0 Shields
 - Level 10.3 Evocations


You had 16 spell levels left.
You knew the following spells:

 Your Spells              Type           Power        Failure   Level  Hunger
a - Apportation           Tloc           #.....       89%         1    ##.....
b - Swiftness             Chrm/Air       #.......     96%         2    ###....
c - Regeneration          Chrm/Necr      #.........   99%         3    ####...
d - Blink                 Tloc           N/A          96%         2    ###....
e - Passwall              Tmut/Erth      #.........   96%         2    ###....


Dungeon Overview and Level Annotations

Branches:
Dungeon (15/15)            Temple (1/1) D:4            Lair (6/6) D:10
  Swamp (4/4) Lair:4       Spider (4/4) Lair:3        Slime (0/5) Lair:6
    Orc (2/2) D:11            Elf (3/3) Orc:2        Vaults (5/5) D:13
  Crypt (0/3) Vaults:2     Depths (5/5) D:15            Zot (5/5) Depths:5

Altars:
Ashenzari
Cheibriados
Dithmenos
Elyvilon
Fedhas
Gozag
Hepliaklqana
Kikubaaqudgha
Makhleb
Nemelex Xobeh
Okawaru
Qazlal
Ru
Sif Muna
Trog
Uskayaw
Vehumet
Xom
Yredelemnul
Zin
The Shining One
Beogh
Jiyva

Shops:
D:5 %   D:7 (   D:8 *   D:10 !   D:14 **%   Orc:2 (=*[   Vaults:2 %
Vaults:3 :   Depths:1 [[:?[   Depths:3 ==}

Portals:
Hell: Depths:1 Depths:2 Depths:3 Depths:4 Depths:5
Abyss: Depths:4
Pandemonium: Depths:3
Ziggurat: Depths:4

Annotations:
D:5 exclusion: downstairs
D:7 exclusion: downstairs
D:9 exclusions: downstairs, obsidian statue and orange crystal statue
D:11 exclusion: upstairs
Temple Ijyb
Lair:1 exclusion: downstairs
Depths:2 exclusion: upstairs
Zot:3 exclusion: upstairs


Innate Abilities, Weirdness & Mutations

You are clumsy. (Dex -2)
You cannot drink potions while threatened.
You cannot be stealthy.
You are hated by all.
You cannot study or cast Conjurations magic.
You cannot study or cast Hexes magic.
You cannot study or cast Poison magic.
You have somewhat slow reflexes. (EV -5)
Your casting is slightly disrupted.
You are partially covered in icy blue scales. (AC +2)
Your mind is very acute. (Int +4)
Your body sometimes deteriorates upon taking damage.
You expend magic power (3 MP) to strengthen your wands.


Message History

There is a stone staircase leading down here.
There is a stone staircase leading up here.
Charge which item? (? for menu, Esc to quit)
As you read the scroll of recharging, it crumbles to dust.
Your wand of digging (1/24) glows for a moment and now has 15 charges.
You climb upwards.
There is a stone staircase leading down here.
There is a stone staircase leading up, spattered with blood here.
You climb upwards.
There is a stone staircase leading down here.
You see here a short sword.
n - 2 stones
There is a stone staircase leading up here.
You climb upwards.
You block the leopard gecko's attack.
There is a stone staircase leading down here.
You spit the leopard gecko like a pig!!!
You kill the leopard gecko!
You see here a leopard gecko corpse.
There is a staircase leading out of the dungeon here.
You have escaped!

###### ######### #.>@.#
#.......# #....#
#.#####.# #....# #.#
#.# #.§§§# #.# ##.###
#.§§§# #.# #.....
#.########.####..###
#..................#
####..############.....
#....†..# #.##.#


There were no monsters in sight!

Vanquished Creatures
  3 orbs of fire
  2 juggernauts
  5 ancient liches
  Boris (Depths:5)
  Bai Suzhen (Swamp:3)
  5 Killer Klowns
  Saint Roka (Vaults:5)
  3 caustic shrikes (Depths:4)
  Frederick (Vaults:4)
  6 curse toes
  Nikola (Swamp:3)
  15 golden dragons
  Arachne (Spider:3)
  3 electric golems
  Jorgrun (Spider:2)
  11 tentacled monstrosities
  Rupert (D:15)
  4 liches
  A deep elf blademaster (Elf:2)
  25 Orb Guardians
  7 quicksilver dragons
  6 titans (Vaults:5)
  3 deep elf master archers
  Asterion (Spider:4)
  5 death cobs
  9 sphinxes
  An acid blob (shapeshifter) (Vaults:5)
  2 ancient champions (WizLab)
  11 tengu reavers
  Kirke (Spider:4)
  11 shadow dragons
  2 thorn hunters (Swamp:2)
  3 draconian monks
  Gastronok (Lair:2)
  10 storm dragons
  9 frost giants
  13 vault wardens
  5 draconian knights
  5 deep elf sorcerers
  2 orc warlords
  8 fire giants
  Aizul (Swamp:4)
  5 draconian scorchers
  Louise (Spider:4)
  4 iron dragons
  A juggernaut zombie (Depths:2)
  5 emperor scorpions
  4 draconian shifters
  8 draconian stormcallers
  4 ghost moths
  4 deep elf elementalists
  A stone giant (shapeshifter) (Depths:2)
  37 very ugly things
  27 ironheart preservers
  A caustic shrike skeleton (Depths:2)
  3 vampire knights
  2 war gargoyles (Vaults:5)
  8 draconian annihilators
  The ghost of Regeox the Peltast, a journeyman MiBe of Trog (Spider:2)
  19 stone giants
  10 deep elf demonologists
  9 green draconians
  10 black draconians
  5 yellow draconians
  19 spark wasps
  9 entropy weavers
  A dire elephant (Lair:6)
  13 deep elf annihilators
  Azrael (Spider:1)
  9 purple draconians
  11 red draconians
  10 white draconians
  The ghost of camposddc the Severer, a journeyman MiFi of Okawaru (Lair:5)
  2 large abominations (Vaults:5)
  12 deep elf death magi
  A blizzard demon (Depths:4)
  A crystal guardian (Vaults:2)
  17 ettins
  7 deep elf high priests
  2 jiangshi (Depths:3)
  An eidolon (Vaults:2)
  27 yaktaur captains
  10 fire dragons
  13 great orbs of eyes
  Fannar (D:10)
  34 vault guards
  8 rakshasas
  15 ice dragons
  A hydra (shapeshifter) (Zot:1)
  18 hydras
  A merfolk avatar (Lair:6)
  7 spriggan air magi
  A caustic shrike simulacrum (Depths:2)
  14 centaur warriors
  An alligator snapping turtle (Zot:1)
  29 ogre magi
  An anaconda (shapeshifter) (Vaults:1)
  7 death knights
  7 alligators
  71 two-headed ogres
  3 vampire magi
  6 deep troll earth magi
  37 dancing weapons
  12 deep troll shamans
  A shock serpent (shapeshifter) (Vaults:5)
  11 tengu warriors
  Urug (D:10)
  3 orc high priests
  10 hell knights
  2 queen ants (shapeshifter) (Vaults:5)
  8 spriggan berserkers
  A soul eater (Depths:4)
  3 sun demons
  3 shadow wraiths
  29 deep elf knights
  6 skeletal warriors
  A fire crab (shapeshifter) (Depths:2)
  4 iron trolls
  A sixfirhy (Zot:5)
  4 unseen horrors
  8 swamp dragons
  4 spriggan druids (Swamp:4)
  7 glowing orange brains
  38 deep trolls
  4 shambling mangroves
  A spark wasp zombie (Depths:2)
  8 flayed ghosts
  8 phantasmal warriors
  A sea snake (Lair:6)
  A death drake (shapeshifter) (Elf:3)
  4 wizards
  18 orc knights
  An obsidian statue (Depths:4)
  A harpy (shapeshifter) (D:15)
  6 necromancers
  23 deep elf archers
  7 orc sorcerers
  2 orb spiders (shapeshifter)
  80 deep elf magi
  19 ironbrand convokers
  20 wolf spiders
  44 ugly things
  A fire giant zombie (Depths:2)
  A salamander (Depths:4)
  13 orb spiders
  A sphinx skeleton (Depths:2)
  21 cyclopes
  3 manticores (D:13)
  A manticore (shapeshifter) (Vaults:5)
  A moth of wrath (shapeshifter) (Vaults:5)
  A spriggan zombie (Depths:2)
  A salamander (shapeshifter) (Elf:2)
  An iron dragon skeleton (Depths:2)
  A water nymph (shapeshifter) (Depths:3)
  30 moths of wrath
  23 vault sentinels
  2 torpor snails
  3 rust devils
  5 elephants (Lair:6)
  A smoke demon (D:9)
  4 black mambas
  21 spiny frogs
  3 gargoyles
  An orange demon (Depths:4)
  A spiny frog (shapeshifter) (Depths:2)
  8 rime drakes
  13 freezing wraiths
  10 komodo dragons
  60 yaktaurs
  A yaktaur (shapeshifter) (Depths:3)
  17 demonic crawlers
  2 kobold demonologists (D:14)
  A red devil (Depths:4)
  2 ice devils (Depths:4)
  3 meliai (D:12)
  2 meliai (shapeshifter)
  3 wind drakes (Lair:6)
  A troll (shapeshifter) (Depths:3)
  A tengu conjurer (Depths:1)
  4 hellwings (D:9)
  8 trolls
  29 hornets
  A polar bear (shapeshifter) (Depths:2)
  A queen bee (D:12)
  2 tyrant leeches
  14 jumping spiders
  8 dream sheep (Lair:6)
  4 polar bears
  4 bog bodies
  A wind drake (shapeshifter) (Vaults:5)
  40 slime creatures
  2 raiju (shapeshifter)
  14 blink frogs
  9 hippogriffs
  8 air elementals
  15 water elementals
  A meliai zombie (D:15)
  67 redbacks
  5 wyverns
  17 spriggans
  A redback (shapeshifter) (Depths:2)
  11 hogs
  A human (D:7)
  38 tarantellas
  33 yaks
  3 shadows
  A yak (shapeshifter) (Vaults:1)
  Eustachio (D:4)
  8 wraiths
  6 vampires
  2 hogs (shapeshifter)
  A basilisk (Lair:6)
  11 fire elementals
  Grum (D:9)
  A neqoxec (Depths:2)
  2 hungry ghosts
  15 vampire mosquitoes
  A steam dragon (D:14)
  4 two-headed ogre zombies (WizLab)
  23 swamp worms
  31 insubstantial wisps
  11 wargs
  A hell hound (Spider:1)
  4 porcupines
  15 water moccasins
  12 swamp drakes
  2 hornet zombies (D:6)
  2 eyes of draining
  6 black bears
  6 ice beasts
  58 orc warriors
  A necrophage (D:14)
  4 sky beasts
  An eye of draining (shapeshifter) (Depths:2)
  5 phantoms
  75 ogres
  15 boggarts
  23 centaurs
  13 crocodiles
  14 wolves
  Blork the orc (D:5)
  11 bullfrogs
  4 big kobolds
  A wyvern zombie (D:10)
  A bullfrog (shapeshifter) (Elf:1)
  4 earth elementals
  6 scorpions
  28 killer bees
  24 wights
  6 troll zombies (WizLab)
  3 howler monkeys
  4 electric eels
  7 centaur zombies
  8 crimson imps
  A lava snake (D:11)
  3 bullfrog zombies
  8 hounds
  8 jellies
  2 quasits
  2 yaktaur simulacra
  25 orc priests
  A jelly (shapeshifter) (Vaults:5)
  A gnoll shaman (D:5)
  40 orc wizards
  6 iron imps (Depths:4)
  5 bullfrog skeletons
  6 centaur skeletons
  An iguana (D:13)
  Natasha (twice) (D:4 D:7)
  14 worker ants
  9 ogre zombies (WizLab)
  A hound zombie (D:8)
  A worker ant zombie (D:11)
  5 gnolls
  10 adders
  9 shadow imps
  6 white imps (Depths:4)
  5 oozes
  3 adder skeletons
  9 worms
  6 leopard geckos
  123 orcs
  3 ball pythons
  10 giant cockroaches
  13 goblins
  6 hobgoblins
  A hobgoblin (shapeshifter) (Elf:3)
  15 jackals
  16 kobolds
  5 quokkas
  11 bats
  10 frilled lizards
  2 quokka skeletons
  10 rats
  A briar patch (Swamp:2)
  3 crawling corpses
  6 fungi
  5 plants
2728 creatures vanquished.

Vanquished Creatures (collateral kills)
  2 blink frogs (Lair:1)
  Grinder (D:6)
  A wolf (D:9)
  A bullfrog skeleton (D:6)
  A worker ant (D:6)
  2 gnolls (D:5)
  2 orcs (D:5)
  3 jackals (D:6)
13 creatures vanquished.

Vanquished Creatures (others)
  A golden dragon (Zot:3)
  2 Orb Guardians (Zot:5)
  A quicksilver dragon (Zot:1)
  A deep elf blademaster (Elf:3)
  A titan (Vaults:5)
  A storm dragon (Zot:5)
  A shadow dragon (Depths:2)
  A frost giant (Vaults:3)
  3 ironheart preservers
  A stone giant (Depths:1)
  2 entropy weavers (Spider:1)
  A deep elf demonologist (Vaults:1)
  A deep elf annihilator (Elf:3)
  A spark wasp (Depths:2)
  A yellow draconian (Zot:1)
  2 ogre magi
  A yaktaur captain (Vaults:3)
  3 hydras
  2 vault guards (Vaults:5)
  A centaur warrior (D:15)
  An alligator (Swamp:2)
  4 two-headed ogres
  2 dancing weapons (Elf:2)
  2 deep elf knights
  A deep troll (Depths:3)
  2 deep elf archers
  An ironbrand convoker (Vaults:5)
  An orc knight (Vaults:1)
  A swamp dragon (Swamp:3)
  2 deep elf magi
  2 wolf spiders
  An ugly thing (Depths:2)
  A moth of wrath (Zot:5)
  A freezing wraith (D:15)
  A demonic crawler (Spider:3)
  5 yaktaurs
  A jumping spider (Spider:4)
  A tyrant leech (Swamp:1)
  2 air elementals
  A redback (Spider:1)
  A golden eye (shapeshifter) (Depths:2)
  A vampire mosquito (Swamp:1)
  A floating eye (shapeshifter) (Depths:4)
  An orc warrior (Vaults:5)
  A swamp drake (Swamp:4)
  7 ogres
  A boggart (Depths:2)
  A howler monkey (D:6)
  An orc priest (D:13)
  An orc wizard (Orc:2)
  Natasha (D:4)
  A worker ant (D:11)
  A white imp (Depths:4)
  6 orcs
  A briar patch (Swamp:2)
  2 fire vortices (Vaults:5)
  19 fungi
  14 plants
  7 toadstools (Swamp:2)
129 creatures vanquished.

Grand Total: 2870 creatures vanquished

Notes
Turn   | Place    | Note
-------+----------+-------------------------------------------
     0 | D:1      | dstrtn the Human Artificer began the quest for the Orb.
     0 | D:1      | Reached XP level 1. HP: 15/15 MP: 3/3
   159 | D:1      | Reached XP level 2. HP: 19/22 MP: 4/4
   306 | D:1      | Reached skill level 2 in Fighting
   467 | D:1      | Reached XP level 3. HP: 28/28 MP: 5/5
   628 | D:1      | Reached skill level 3 in Fighting
  1340 | D:2      | Reached XP level 4. HP: 31/35 MP: 6/6
  1353 | D:2      | Reached skill level 1 in Maces & Flails
  2442 | D:3      | Noticed an ogre
  2447 | D:3      | Killed an ogre
  2447 | D:3      | Reached XP level 5. HP: 41/41 MP: 7/7
  2823 | D:3      | Reached XP level 6. HP: 41/47 MP: 8/8
  3245 | D:4      | Noticed Natasha
  3254 | D:4      | Killed Natasha
  3256 | D:4      | Found a shadowy altar of Dithmenos.
  3287 | D:4      | Noticed Eustachio
  3321 | D:4      | Killed Eustachio
  3321 | D:4      | Reached skill level 5 in Maces & Flails
  3321 | D:4      | Reached XP level 7. HP: 39/52 MP: 9/9
  3387 | D:4      | Noticed Natasha
  3409 | D:4      | Your ally died
  3600 | D:4      | Found a staircase to the Ecumenical Temple.
  3615 | Temple   | Entered the Ecumenical Temple
  3737 | Temple   | Became a worshipper of Ru the Awakened
  3854 | D:4      | Noticed Ijyb
  4200 | D:5      | Entered Level 5 of the Dungeon
  4606 | D:5      | Found Sidinne's Food Shop.
  4893 | D:5      | Reached XP level 8. HP: 39/58 MP: 10/10
  5336 | D:6      | Noticed Grinder
  5712 | D:6      | Noticed Blork the orc
  5722 | D:5      | Killed Blork the orc
  5916 | D:6      | Killed Grinder
  6224 | D:6      | Reached XP level 9. HP: 43/64 MP: 11/11
  6346 | D:6      | Found a shadowy altar of Dithmenos.
  6635 | D:6      | Found a deep blue altar of Sif Muna.
  6638 | D:6      | Reached skill level 5 in Stealth
  7067 | D:7      | Noticed Natasha
  7074 | D:7      | Killed Natasha
  7208 | D:7      | Noticed an angel
  7246 | D:7      | Found a glowing silver altar of Zin.
  7360 | D:7      | Found a shimmering altar of Xom.
  7659 | D:7      | Reached skill level 1 in Armour
  7982 | D:7      | Found Issasch's Antique Weapon Emporium.
  8010 | D:7      | Bought a sapphire quarterstaff for 261 gold pieces
  8010 | D:7      | Identified the +8 quarterstaff of Labomui {protect, rElec rC++ Int-2 Stlth+} (You bought it in a shop on level 7 of the Dungeon)
  8068 | D:7      | Reached skill level 1 in Staves
  8068 | D:7      | Reached XP level 10. HP: 67/71 MP: 12/12
  8072 | D:7      | Reached skill level 4 in Fighting
  8304 | D:8      | Reached skill level 5 in Fighting
  8465 | D:8      | Found Kewyleimn's Assorted Antiques.
  8480 | D:8      | Bought a scroll labeled INNIUC XUEMY for 20 gold pieces
  8480 | D:8      | Bought a scroll labeled INUD GIUNENIO for 20 gold pieces
  8480 | D:8      | Bought a scroll labeled INUD GIUNENIO for 20 gold pieces
  8547 | D:8      | Found a bloodstained altar of Trog.
  8550 | D:8      | Found a burning altar of Makhleb.
  8635 | D:8      | Reached skill level 6 in Fighting
  8790 | D:8      | Reached skill level 5 in Staves
  8867 | D:8      | Noticed a green ugly thing
  9066 | D:9      | Noticed Grum
  9080 | D:9      | Killed Grum
  9233 | D:9      | Gained mutation: You cannot study or cast Poison magic. [Ru sacrifice]
  9233 | D:9      | Gained mutation: You cannot study or cast Hexes magic. [Ru sacrifice]
  9233 | D:9      | Gained mutation: You cannot study or cast Conjurations magic. [Ru sacrifice]
  9233 | D:9      | Reached * piety under Ru
  9304 | D:9      | Noticed an orange crystal statue
  9363 | D:9      | Found a white marble altar of Elyvilon.
  9513 | D:9      | Reached skill level 7 in Fighting
  9513 | D:9      | Reached XP level 11. HP: 47/84 MP: 13/13
 10236 | D:10     | Entered Level 10 of the Dungeon
 10729 | D:10     | Noticed a death knight
 10822 | D:10     | Noticed Fannar
 10838 | D:10     | Killed Fannar
 10952 | D:10     | Found Gifraonner's Distillery.
 10969 | D:9      | Reached skill level 8 in Fighting
 11016 | D:8      | Bought a notched bone ring for 100 gold pieces
 11063 | D:10     | Bought a potion of lignification for 45 gold pieces
 11075 | D:10     | Noticed Urug
 11129 | D:11     | Noticed an unseen horror
 11138 | D:11     | Killed an unseen horror
 11186 | D:11     | Found a staircase to the Orcish Mines.
 11212 | D:11     | Noticed a two-headed ogre
 11223 | D:11     | Killed a two-headed ogre
 11244 | D:11     | Noticed a cyclops
 11707 | D:11     | Noticed a two-headed ogre
 11715 | D:11     | Killed a two-headed ogre
 12044 | D:11     | Gained mutation: You cannot drink potions while threatened. [Ru sacrifice]
 12044 | D:11     | Reached ** piety under Ru
 12293 | D:8      | Killed a cyan ugly thing
 12446 | D:7      | Reached skill level 10 in Staves
 12507 | D:9      | Noticed an obsidian statue
 12797 | D:12     | Reached XP level 12. HP: 64/94 MP: 14/14
 13000 | D:12     | Noticed a six-headed hydra
 13008 | D:12     | Killed a six-headed hydra
 13008 | D:12     | Reached skill level 9 in Fighting
 14379 | D:12     | Noticed an unseen horror
 14394 | D:12     | Killed an unseen horror
 14394 | D:12     | Reached skill level 10 in Fighting
 14448 | D:12     | Noticed a two-headed ogre
 14448 | D:12     | Noticed a fire crab
 15267 | D:10     | Killed Urug
 15737 | D:9      | Reached XP level 13. HP: 100/104 MP: 15/15
 16226 | D:10     | Bought a potion of haste for 150 gold pieces
 16301 | D:10     | Found a staircase to the Lair.
 16310 | Lair:1   | Entered Level 1 of the Lair of Beasts
 16542 | Lair:1   | Identified the Catalogue of the Dislocated Blaze
 16553 | Lair:1   | Learned a level 1 spell: Apportation
 16641 | Lair:1   | Reached skill level 5 in Armour
 17017 | Lair:1   | Reached skill level 11 in Fighting
 17029 | Lair:1   | Gained mutation: You are hated by all. [Ru sacrifice]
 17029 | Lair:1   | Reached *** piety under Ru
 17383 | Lair:2   | Noticed Gastronok
 17818 | Lair:2   | Reached skill level 5 in Dodging
 18398 | Lair:3   | Found a hole to the Spider Nest.
 19013 | Lair:4   | Gained mutation: You have somewhat slow reflexes. (EV -5) [Ru sacrifice]
 19013 | Lair:4   | Reached **** piety under Ru
 19013 | Lair:4   | Reached ***** piety under Ru
 19028 | Lair:4   | Found a staircase to the Swamp.
 19068 | Lair:4   | Got a slimy scale mail
 19088 | Lair:4   | Identified the +1 scale mail of Aciquk {rPois Str+5 Int-3 Slay+3} (You found it on level 4 of the Lair of Beasts)
 19778 | Lair:5   | Reached XP level 14. HP: 98/113 MP: 16/16
 20239 | Lair:5   | Noticed camposddc's ghost (journeyman MiFi)
 20255 | Lair:5   | Killed camposddc's ghost
 20950 | Lair:6   | Entered Level 6 of the Lair of Beasts
 21599 | Lair:6   | Found a runed door.
 21599 | Lair:6   | Found a viscous altar of Jiyva.
 21606 | Lair:6   | Gained mutation: Your casting is slightly disrupted. [Ru sacrifice]
 21609 | Lair:6   | Found a staircase to the Slime Pits.
 21709 | Lair:6   | Reached skill level 12 in Fighting
 21806 | Lair:6   | Noticed a dire elephant
 22896 | Lair:6   | Identified Xuesiem's Tome of Protection and Enchantment
 22936 | Lair:6   | Killed a dire elephant
 22936 | Lair:6   | Reached skill level 10 in Armour
 23086 | Lair:2   | Killed Gastronok
 23086 | Lair:2   | Reached XP level 15. HP: 122/122 MP: 9/17
 23218 | Orc:1    | Entered Level 1 of the Orcish Mines
 23275 | Orc:1    | Found a flagged portal.
 23289 | Bailey   | Entered a bailey
 23765 | Bailey   | Reached skill level 13 in Fighting
 23963 | Orc:1    | Found a roughly hewn altar of Beogh.
 24148 | Orc:1    | Noticed a stone giant
 24187 | Orc:1    | Killed a stone giant
 24397 | Orc:1    | Noticed an orc warlord
 24426 | Orc:1    | Killed an orc warlord
 24649 | Orc:1    | Got a brightly glowing chain mail
 24673 | Orc:1    | Identified the +5 chain mail of the Cuttlefish {*Contam rC+ rN+} (You found it on level 1 of the Orcish Mines)
 24741 | Orc:1    | Gained mutation: Scrolls take you a little longer to read. [mutagenic glow]
 24899 | D:10     | Bought a potion of might for 60 gold pieces
 24899 | D:10     | Bought a potion of cancellation for 120 gold pieces
 24899 | D:10     | Bought 2 potions of resistance for 300 gold pieces
 24899 | D:10     | Bought a potion of mutation for 120 gold pieces
 24899 | D:10     | Bought a potion of mutation for 120 gold pieces
 24899 | D:10     | Bought a potion of mutation for 120 gold pieces
 24899 | D:10     | Lost mutation: Scrolls take you a little longer to read. [potion of mutation]
 24899 | D:10     | Gained mutation: You are clumsy. (Dex -2) [potion of mutation]
 24899 | D:10     | Gained mutation: You are frail. (-10% HP) [potion of mutation]
 24899 | D:10     | Gained mutation: You can translocate small distances at will. [potion of mutation]
 24899 | D:10     | Gained mutation: Your system is resistant to poisons. (rPois) [potion of mutation]
 24901 | D:10     | Lost mutation: You are frail. (-10% HP) [potion of mutation]
 24901 | D:10     | Lost mutation: You are clumsy. (Dex -2) [potion of mutation]
 24901 | D:10     | Lost mutation: You can translocate small distances at will. [potion of mutation]
 24901 | D:10     | Lost mutation: Your system is resistant to poisons. (rPois) [potion of mutation]
 24901 | D:10     | Gained mutation: Your mind is acute. (Int +2) [potion of mutation]
 24901 | D:10     | Gained mutation: You are partially covered in icy blue scales. (AC +2) [potion of mutation]
 24901 | D:10     | Gained mutation: Your mind is very acute. (Int +4) [potion of mutation]
 24972 | Orc:2    | Entered Level 2 of the Orcish Mines
 24983 | Orc:2    | Found Heudd's Antique Weapon Boutique.
 25029 | Orc:2    | Found a staircase to the Elven Halls.
 25492 | Orc:2    | Gained mutation: You cannot be stealthy. [Ru sacrifice]
 25520 | Orc:2    | Found Vynocigo's Jewellery Emporium.
 25608 | Orc:2    | Noticed a stone giant
 26023 | Orc:2    | Killed a stone giant
 26299 | Orc:2    | Found Nunupsytt's Antique Armour Shoppe.
 26312 | Orc:2    | Bought a distressingly furry cloak for 304 gold pieces
 26688 | Orc:2    | Identified the cursed +0 cloak "Raeh" {*Contam rC++ rN+ Str+4} (You bought it in a shop on level 2 of the Orcish Mines)
 26805 | Orc:2    | Found Kunkyek's General Store.
 26813 | Orc:2    | Bought a scroll of fog for 36 gold pieces
 26813 | Orc:2    | Bought a scroll of teleportation for 54 gold pieces
 27032 | Orc:1    | Noticed a stone giant
 27042 | Orc:1    | Killed a stone giant
 27181 | Orc:2    | Bought a scroll of enchant armour for 135 gold pieces
 27750 | D:13     | Got a pair of ancient gloves
 27756 | D:13     | Identified the cursed +0 pair of gloves of Valiance {*Slow rPois rC++ Slay-3} (You found it on level 13 of the Dungeon)
 27842 | D:13     | Found a gate to the Vaults.
 27960 | D:13     | Noticed Rupert
 27960 | D:13     | Paralysed by Rupert for 7 turns
 28165 | D:13     | Found a shattered altar of Ashenzari.
 28218 | D:13     | Reached XP level 16. HP: 129/132 MP: 18/18
 28261 | D:13     | Gained mutation: You are clumsy. (Dex -2) [Ru sacrifice]
 28261 | D:13     | Reached ****** piety under Ru
 28707 | D:13     | Reached skill level 14 in Fighting
 28762 | D:13     | Identified the Disquisition on Burning Boosts
 28767 | D:13     | Learned a level 2 spell: Swiftness
 29207 | D:14     | Found Giafatt's General Store.
 29216 | D:14     | Bought a scroll of enchant armour for 120 gold pieces
 29228 | D:14     | Found Pajaemp's Food Boutique.
 29677 | D:14     | Found Hupune's General Store.
 30036 | D:15     | Entered Level 15 of the Dungeon
 30040 | D:15     | Killed Rupert
 31074 | D:15     | Reached skill level 15 in Fighting
 31659 | D:15     | Found a staircase to the Depths.
 31990 | Swamp:1  | Entered Level 1 of the Swamp
 32350 | Swamp:1  | Reached XP level 17. HP: 115/142 MP: 19/19
 33117 | Swamp:2  | Noticed a thorn hunter
 33300 | Swamp:2  | Killed a thorn hunter
 33524 | Swamp:2  | Noticed a thorn hunter
 33544 | Swamp:2  | Killed a thorn hunter
 33624 | Swamp:2  | Noticed a tentacled monstrosity
 33633 | Swamp:2  | Killed a tentacled monstrosity
 33633 | Swamp:2  | Reached skill level 16 in Fighting
 33636 | Swamp:2  | Identified the ring of Greed {+Fly Int+4} (You found it on level 2 of the Swamp)
 33818 | Swamp:3  | Reached skill level 5 in Evocations
 34047 | Swamp:3  | Noticed Bai Suzhen
 34066 | Swamp:3  | Killed Bai Suzhen
 34083 | Swamp:3  | Noticed Nikola
 34378 | Swamp:3  | Killed Nikola
 34382 | Swamp:3  | Reached skill level 15 in Armour
 34385 | Swamp:3  | Got a pair of fine gloves
 34391 | Swamp:3  | Identified the +2 pair of gloves "Werexisi" {+Fly Str+4} (You took it off Nikola on level 3 of the Swamp)
 34605 | Swamp:4  | Entered Level 4 of the Swamp
 34716 | Swamp:4  | Got a bronze scale mail
 34741 | Swamp:4  | Identified the +2 scale mail of the Orange Skies {Str+8} (You found it on level 4 of the Swamp)
 34816 | Swamp:4  | Reached skill level 10 in Dodging
 35110 | Swamp:4  | Noticed Aizul
 35113 | Swamp:4  | Reached XP level 18. HP: 144/153 MP: 22/22
 35124 | Swamp:4  | Killed Aizul
 35644 | Swamp:4  | Reached skill level 17 in Fighting
 36233 | Swamp:4  | Got a decaying rune of Zot
 36588 | Orc:2    | Bought a faintly humming helmet for 304 gold pieces
 36588 | Orc:2    | Bought a pair of runed boots for 240 gold pieces
 36619 | Orc:2    | Identified the cursed +0 helmet of Gluttony {Str+2} (You bought it in a shop on level 2 of the Orcish Mines)
 36789 | D:14     | Bought a scroll of blinking for 120 gold pieces
 36789 | D:14     | Bought a scroll of identify for 32 gold pieces
 37012 | Spider:1 | Entered Level 1 of the Spider Nest
 37279 | Spider:1 | Noticed Azrael
 37285 | Spider:1 | Killed Azrael
 38067 | Spider:2 | Noticed Regeox's ghost (journeyman MiBe)
 38090 | Spider:2 | Killed Regeox's ghost
 38285 | Spider:2 | Noticed Jorgrun
 38313 | Spider:2 | Killed Jorgrun
 39498 | Spider:4 | Entered Level 4 of the Spider Nest
 39996 | Spider:4 | Noticed Arachne
 40000 | Spider:4 | Noticed Louise
 40119 | Spider:3 | Reached XP level 19. HP: 91/163 MP: 25/25
 40348 | Spider:3 | Killed Arachne
 40348 | Spider:3 | Reached skill level 18 in Fighting
 40744 | Elf:1    | Entered Level 1 of the Elven Halls
 41095 | Elf:1    | Gained mutation: You expend magic power (3 MP) to strengthen your wands. [mutagenic glow]
 43476 | Elf:2    | Found a huge runed gate.
 43476 | Elf:2    | Found a huge runed gate.
 43476 | Elf:2    | Found a huge runed gate.
 43477 | Elf:2    | Found a huge runed gate.
 43479 | Elf:2    | Found a huge runed gate.
 43490 | Elf:2    | Noticed a deep elf blademaster
 43515 | Elf:2    | Killed a deep elf blademaster
 44370 | Elf:2    | Reached XP level 20. HP: 172/172 MP: 21/27
 44684 | Elf:2    | Reached skill level 19 in Fighting
 44853 | Elf:2    | Reached skill level 10 in Evocations
 45346 | Vaults:1 | Entered Level 1 of the Vaults
 46610 | Vaults:1 | Learned a level 3 spell: Regeneration
 47437 | Vaults:1 | Reached XP level 21. HP: 171/182 MP: 28/28
 47448 | Vaults:1 | Reached skill level 20 in Fighting
 49812 | Vaults:2 | Reached skill level 21 in Fighting
 49991 | Vaults:2 | Found a staircase to the Crypt.
 50132 | Vaults:2 | Found Emacut Bycu's Food Shoppe.
 50610 | Vaults:3 | Reached skill level 1 in Shields
 50610 | Vaults:3 | Reached XP level 22. HP: 63/194 MP: 29/29
 51404 | Elf:3    | Entered Level 3 of the Elven Halls
 51505 | Elf:3    | Reached skill level 5 in Shields
 51936 | Elf:2    | Reached skill level 10 in Maces & Flails
 53525 | Elf:3    | Got a smelly plate armour
 53880 | Elf:3    | Identified the +13 plate armour "Dadgh" {rF- rC- Str+5 Int+3} (You took it off a deep elf high priest on level 3 of the Elven Halls)
 53977 | Elf:3    | Got a fine tin ring
 54071 | Elf:3    | Identified the amulet "Niex" {Harm *Drain rF+ Int+2 Dex+4 SInv} (You took it off a deep elf master archer on level 3 of the Elven Halls)
 54076 | Elf:3    | Identified the ring of Interdependent Arising {Str+3 Slay+2 SInv} (You took it off a deep elf annihilator on level 3 of the Elven Halls)
 54094 | Elf:3    | Identified the amulet "Gezxuc" {Faith rF- Str+9 Dex-2 SInv} (You took it off a deep elf demonologist on level 3 of the Elven Halls)
 54374 | Elf:3    | Got a twitching brass amulet
 54394 | Elf:3    | Identified the Tome of Fascination and Envenoming
 54466 | Elf:3    | Identified the amulet "Xurieleq" {Inacc rC++} (You found it on level 3 of the Elven Halls)
 54576 | Elf:3    | Identified the amulet "Itheloyp" {RegenMP rC+ MR+} (You took it off a deep elf mage on level 3 of the Elven Halls)
 54690 | Elf:3    | Got a bloodstained buckler
 54697 | Elf:3    | Identified the +3 buckler of the Wary Ghosts {Slay+3} (You took it off an orc warrior on level 3 of the Elven Halls)
 54698 | Elf:3    | Got a slimy fustibalus
 54699 | Elf:3    | Identified the +6 fustibalus "Tiocusk" {venom, -Tele Dex+4} (You took it off an orc warrior on level 3 of the Elven Halls)
 55537 | Spider:4 | Noticed Asterion
 55550 | Spider:4 | Killed Louise
 55561 | Spider:4 | Killed Asterion
 55870 | Spider:4 | Noticed Kirke
 56023 | Spider:4 | Reached XP level 23. HP: 188/200 MP: 26/30
 56031 | Spider:4 | Killed Kirke
 56876 | Spider:4 | Got a gossamer rune of Zot
 56947 | Spider:3 | Reached skill level 15 in Maces & Flails
 58213 | Vaults:3 | Found Xueseyma's Book Shoppe.
 59211 | Vaults:4 | Found a glowing golden altar of the Shining One.
 59247 | Vaults:4 | Reached XP level 24. HP: 210/210 MP: 30/30
 59667 | Vaults:4 | Reached skill level 22 in Fighting
 59982 | Vaults:4 | Noticed Frederick
 59994 | Vaults:4 | Killed Frederick
 60823 | Depths:1 | Entered Level 1 of the Depths
 60955 | Depths:1 | Got a crude morningstar
 60956 | Depths:1 | Identified the +6 morningstar of the Median {holy, rF+} (You found it on level 1 of the Depths)
 61226 | Depths:1 | Found Roemuu's Armour Shop.
 61454 | Depths:1 | Noticed a juggernaut
 61472 | Depths:1 | Killed a juggernaut
 61672 | Depths:1 | Found a gateway to Hell.
 61841 | Depths:1 | Found Meytaacvu's Antique Armour Boutique.
 61842 | Depths:1 | Found Susoip's Magic Scroll Boutique.
 61842 | Depths:1 | Found Ruutyju's Book Shop.
 61845 | Depths:1 | Found Dikazeno's Armour Shop.
 61853 | Depths:1 | Bought the +2 hat of the Bear Spirit {Spirit, +Rage rN+ MR++} for 469 gold pieces
 61866 | Depths:1 | Bought a scroll of brand weapon for 380 gold pieces
 62402 | Elf:2    | Reached XP level 25. HP: 219/219 MP: 28/30
 64261 | Depths:2 | Reached skill level 10 in Shields
 64369 | Depths:2 | Identified the Grimoire of Gliding Attacks
 64685 | Depths:2 | Learned a level 2 spell: Blink
 64933 | Depths:2 | Noticed an ancient lich
 64942 | Depths:2 | Killed an ancient lich
 65546 | Depths:3 | Reached XP level 26. HP: 227/227 MP: 24/30
 65711 | Depths:3 | Found a one-way gate leading to the halls of Pandemonium.
 65774 | Depths:3 | Found a magical portal.
 65794 | WizLab   | Entered Zonguldrok's Shrine
 66174 | WizLab   | Noticed an antique lich
 66177 | WizLab   | Killed an antique lich
 66185 | WizLab   | Identified Sif Muna's Handbook of Warped Earth
 66235 | WizLab   | Learned a level 2 spell: Passwall
 66236 | WizLab   | Identified a scroll of acquirement
 66238 | WizLab   | Got a brightly glowing wooden ring
 66240 | WizLab   | Identified the ring "Ixeimefi" {Fire *Corrode rElec Str+8} (You acquired it in a wizard's laboratory)
 66395 | Depths:3 | Reached skill level 15 in Shields
 66422 | Depths:3 | Found Cuamiom's Jewellery Shop.
 66424 | Depths:3 | Found Ezivve's Gadget Emporium.
 66425 | Depths:3 | Found Ymey's Jewellery Shop.
 66437 | Depths:3 | Bought the cursed ring "Vuot" {rElec rPois AC-2} for 279 gold pieces
 66478 | Depths:3 | Reached skill level 23 in Fighting
 66842 | Depths:3 | Got a scorched glass ring
 66846 | Depths:3 | Identified the ring of Generosity {Fire Str+2 Int+2 Dex+5} (You took it off a fire giant on level 3 of the Depths)
 66953 | Depths:3 | Identified the Collected Works on the Snowflakes and Ignition
 67092 | Depths:4 | Found a one-way gate to the infinite horrors of the Abyss.
 67372 | Depths:4 | Noticed a juggernaut
 67435 | Depths:4 | Killed a juggernaut
 67639 | Depths:4 | Reached XP level 27. HP: 235/235 MP: 30/30
 67963 | Depths:4 | Found a gateway to a ziggurat.
 68303 | Depths:5 | Entered Level 5 of the Depths
 68917 | Depths:5 | Noticed Boris
 68929 | Depths:5 | Killed Boris
 68944 | Depths:5 | Found a gate to the Realm of Zot.
 69465 | Vaults:5 | Entered Level 5 of the Vaults
 69478 | Vaults:5 | Noticed Saint Roka
 69497 | Vaults:5 | Killed Saint Roka
 69567 | Vaults:5 | Reached skill level 24 in Fighting
 69567 | Vaults:5 | Reached skill level 15 in Dodging
 70703 | Vaults:5 | Got a translucent lead amulet
 71081 | Vaults:5 | Identified the amulet "Roer Com" {Gourm -Tele rC+ rN+++} (You took it off an ironheart preserver on level 5 of the Vaults)
 71284 | Vaults:5 | Got a silver rune of Zot
 71604 | Vaults:5 | Got an uncursed polished fustibalus {speed}
 71605 | Vaults:5 | Identified the +5 fustibalus "Tikeivij" {speed, rElec rN+} (You took it off a vault warden on level 5 of the Vaults)
 71614 | Vaults:5 | Got a flickering ruby amulet
 71615 | Vaults:5 | Identified the amulet of the Endless Expanse {+Rage +Inv rElec rC+} (You acquired it on level 5 of the Vaults)
 71998 | Zot:1    | Entered Level 1 of the Realm of Zot
 72897 | Orc:2    | Bought a +6 ring of slaying for 1869 gold pieces
 73570 | Zot:1    | Reached skill level 25 in Fighting
 73589 | Zot:1    | Noticed an orb of fire
 73621 | Zot:1    | Killed an orb of fire
 74098 | Zot:2    | Noticed an orb of fire
 74111 | Zot:2    | Killed an orb of fire
 76054 | Zot:4    | Reached skill level 26 in Fighting
 76334 | Zot:5    | Entered Level 5 of the Realm of Zot
 76484 | Zot:5    | Identified the +10 demon whip of the Valley {pain, rC- Int+4 Dex+2} (You found it on level 5 of the Realm of Zot)
 76691 | Zot:5    | Noticed an ancient lich
 76705 | Zot:5    | Killed an ancient lich
 76717 | Zot:5    | Noticed an ancient lich
 76728 | Zot:5    | Killed an ancient lich
 76730 | Zot:5    | Noticed an ancient lich
 76734 | Zot:5    | Killed an ancient lich
 77767 | Zot:5    | Noticed an orb of fire
 77774 | Zot:5    | Killed an orb of fire
 78041 | Zot:5    | Got the Orb of Zot
 78103 | Zot:5    | Noticed an orb of fire
 78108 | Zot:5    | Gained mutation: Your body sometimes deteriorates upon taking damage. [an orb of fire]
 78404 | Depths:1 | Noticed a seraph
 78780 | D:$      | Escaped with the Orb!

Skill      XL: |  1  2  3  4  5  6  7  8  9 10 11 12 13 14 15 16 17 18 19 20 21 22 23 24 25 26 27 |
---------------+----------------------------------------------------------------------------------+-----
Fighting       | 2 3 7 8 10 11 12 13 15 16 17 18 19 21 22 23 26 | 26.8
Maces & Flails | 3 4 5 7 9 14 15 19 | 19.1
Stealth        | 4 6 0 |  0.0
Armour         | 4 8 10 12 14 15 16 17 18 20 24 | 24.8
Staves         | 1 6 10 12 | 12.8
Dodging        | 6 9 10 11 12 13 14 16 | 16.0
Evocations     | 6 8 9 10 | 10.3
Shields        | 1 5 13 15 18 | 18.0
Short Blades   | |  1.0

Action                   |  1- 3 |  4- 6 |  7- 9 | 10-12 | 13-15 | 16-18 | 19-21 | 22-24 | 25-27 || total
-------------------------+-------+-------+-------+-------+-------+-------+-------+-------+-------++-------
Melee: Short sword       |    98 |       |       |       |       |       |       |       |       ||    98
       Mace              |    26 |   189 |   226 |       |       |       |       |       |       ||   441
       Flail             |       |       |    30 |       |       |       |       |       |       ||    30
       Whip              |       |       |    68 |       |       |       |       |       |       ||    68
       Morningstar       |       |       |    46 |       |       |       |       |   118 |   121 ||   285
       Quarterstaff      |       |       |    14 |   711 |  1324 |  2020 |  2238 |  2451 |       ||  8758
       Great mace        |       |       |       |       |       |       |       |    27 |       ||    27
       Eveningstar       |       |       |       |       |       |       |       |       |  3248 ||  3248
 Fire: Blowgun           |       |       |     4 |       |       |       |       |       |       ||     4
       Shortbow          |       |       |     4 |       |       |       |       |       |       ||     4
Throw: Stone             |    20 |     4 |       |       |       |       |       |       |       ||    24
       Tomahawk          |       |       |     3 |     8 |     1 |       |       |       |       ||    12
       Javelin           |       |       |       |       |     3 |     8 |       |     1 |       ||    12
Invok: Sacrifice Arcana  |       |       |       |     1 |       |       |       |       |       ||     1
       Sacrifice Drink   |       |       |       |     1 |       |       |       |       |       ||     1
       Sacrifice Health  |       |       |       |       |     1 |       |       |       |       ||     1
       Sacrifice Love    |       |       |       |       |     1 |       |       |       |       ||     1
       Apocalypse        |       |       |       |       |     6 |     9 |     5 |     5 |     9 ||    34
       Sacrifice Essence |       |       |       |       |     1 |       |       |       |       ||     1
       Sacrifice Stealth |       |       |       |       |     1 |       |       |       |       ||     1
       Sacrifice Purity  |       |       |       |       |       |     1 |       |       |       ||     1
       Draw Out Power    |       |       |       |       |       |     1 |     3 |     2 |     3 ||     9
       Power Leap        |       |       |       |       |       |       |     3 |     3 |     1 ||     7
 Abil: Stop Flying       |       |       |       |       |       |       |       |       |     1 ||     1
Evoke: Wand              |       |    23 |    53 |    24 |    13 |     2 |    12 |    19 |    42 ||   188
       Phantom mirror    |       |       |       |     1 |       |       |       |       |       ||     1
       Lamp of fire      |       |       |       |       |     1 |     3 |     3 |     3 |     8 ||    18
       Lightning rod     |       |       |       |       |       |       |     8 |     4 |     4 ||    16
  Use: Scroll            |     3 |     8 |     7 |    13 |    23 |    18 |    15 |    14 |    34 ||   135
       Potion            |       |     2 |     6 |     6 |     4 |     4 |     5 |     1 |    11 ||    39
 Stab: Sleeping          |       |       |       |     2 |     6 |       |       |       |       ||     8
       Invisible         |       |       |       |     3 |    11 |    19 |    12 |    19 |    27 ||    91
       Distracted        |       |       |       |     1 |     6 |    12 |    11 |    11 |    15 ||    56
       Confused          |       |       |       |     1 |       |     2 |       |       |     3 ||     6
       Paralysed         |       |       |       |       |     8 |    38 |     7 |    17 |    71 ||   141
       Petrified         |       |       |       |       |       |       |       |       |    10 ||    10
       Petrifying        |       |       |       |       |       |       |       |       |    10 ||    10
  Eat: Chunk             |     1 |     7 |    13 |    19 |    32 |    22 |    33 |    20 |    19 ||   166
       Fruit             |       |       |     2 |     5 |     7 |     1 |       |       |       ||    15
       Royal jelly       |       |       |       |     1 |     1 |     4 |       |     1 |       ||     7
       Bread ration      |       |       |       |       |       |     3 |       |     3 |     8 ||    14
       Meat ration       |       |       |       |       |       |       |       |     1 |     2 ||     3
Armor: Leather armour    |     6 |       |       |       |       |       |       |       |       ||     6
       Ring mail         |    34 |    93 |   117 |       |       |       |       |       |       ||   244
       Chain mail        |       |       |    39 |   465 |   122 |       |       |       |       ||   626
       Scale mail        |       |       |       |       |   117 |       |       |       |       ||   117
       Crystal plate arm |       |       |       |       |   191 |  1575 |  1090 |  1386 |  1358 ||  5600
Dodge: Dodged            |    69 |   134 |   216 |   277 |   517 |   779 |   795 |   824 |   841 ||  4452
Block: Other             |       |       |       |       |       |       |       |    32 |       ||    32
       Reflection        |       |       |       |       |       |       |       |    10 |       ||    10
       Buckler           |       |       |       |       |       |       |       |    42 |       ||    42
       Shield            |       |       |       |       |       |       |       |       |  1650 ||  1650
